 Dungeon Sprint DCSS version 0.23.0 (webtiles) character file.

Game seed: 4259844686633362892

2100000 Fang the Slayer (level 16, -156/159 HPs)
             Began as a Demonspawn Gladiator on Feb 13, 2019.
             Was a Believer of Makhleb.
             Annihilated by a destroyer
             ... wielding a +9 great sword of slicing
              (178 damage)
             ... in the Dungeon (Sprint VIII: "Arena of Blood").
             The game lasted 00:00:55 (21 turns).

Fang the Slayer (Demonspawn Gladiator)                Turns: 21, Time: 00:00:55

Health: -156/159   AC:  4    Str: 19    XL:     16   Next: 58%
Magic:  16/16      EV: 31    Int: 12    God:    Makhleb [**....]
Gold:   0          SH:  0    Dex: 19    Spells: 15/15 levels left

rFire    . . .     SeeInvis .   l - +∞ Axe of Woe
rCold    . . .     Gourm    .   (shield currently unavailable)
rNeg     . . .     Faith    .   b - +0 leather armour
rPois    .         Spirit   .   c - +0 helmet
rElec    .         Reflect  .   (no cloak)
rCorr    .         Harm     .   (no gloves)
MR       +....     NoTele   +   (no boots)
Stlth    +++.......             (no amulet)
HPRegen  0.36/turn              (no ring)
MPRegen  0.15/turn              (no ring)

@: no status effects
A: hooves 1, thin skeletal structure 2, foul stench 2, nightstalker 1, rot
immunity
a: Minor Destruction, Renounce Religion


You were in the Dungeon.
You worshipped Makhleb.
Makhleb was pleased with you.
You were not hungry.

You visited 1 branch

Inventory:

Hand Weapons
 a - a +0 war axe
 l - the +∞ Axe of Woe (weapon)
   (You found it in the Dungeon)
Missiles
 d - 3 throwing nets (quivered)
Armour
 b - a +0 leather armour (worn)
 c - a +0 helmet (worn)
Scrolls
 k - a scroll of blinking
Potions
 e - a potion of curing
 g - a potion of heal wounds
 h - a potion of haste
 i - 2 potions of magic
 j - a potion of berserk rage
Comestibles
 f - a ration


   Skills:
 + Level 24.2 Fighting
 + Level 22.7 Axes
 + Level 22.6 Throwing
 + Level 22.7 Dodging


You had 15 spell levels left.
You didn't know any spells.
Your spell library was empty.

Dungeon Overview and Level Annotations

Branches:
Dungeon (1/1)

Altars:
Makhleb


Innate Abilities, Weirdness & Mutations

You have large cloven feet.
You have a moderately thin skeletal structure. (Dex +4, Stealth+)
You frequently emit foul miasma when damaged in melee.
You are slightly more attuned to the shadows.
You are immune to rotting.


Message History

Your Fighting skill increases to level 24!
You hear a shout! x3
A bag of meat comes into view. It is wielding a +9 war axe. x2
You hear a shout! x4
You hear a shout! x4
The destroyer hits you with a +9 great sword of slicing!!
The destroyer bites you but does no damage.
You hear a shout! x2
Things that are here:
a +9 war axe; a +30 ring of slaying Unknown command.
You hear a shout!
The bag of meat hits you with a +9 war axe!!!
* * * LOW HITPOINT WARNING * * *
You hear a shout!
A bag of meat comes into view. It is wielding a +9 war axe.
You hear a shout!
The destroyer hits you with a +9 great sword of slicing!!!!!
Ouch! That really hurt!
You die...

#... ...# . #...
...# . ..###o..
...###....
......###.........
......_..........
#.....#.......
#_.<._#.o.....
..#.....#).....#
......_..@Vo.....
......###))o)o....
..###......)###....
. #.......# ..o
#.......# ..
......... .
........ ..........


You could see a destroyer and 5 bags of meat.

Vanquished Creatures
  3 ogres (D)
  4 orcs (D)
7 creatures vanquished.

Notes
Turn   | Place    | Note
-------+----------+-------------------------------------------
     0 | D        | Found the +∞ Axe of Woe
     0 | D        | Fang the Demonspawn Gladiator began the quest for the Orb.
     0 | D        | Reached XP level 1. HP: 16/16 MP: 1/1
     2 | D        | Noticed a bag of meat
     4 | D        | Became a worshipper of Makhleb the Destroyer
     6 | D        | Noticed a bag of meat
     7 | D        | Noticed a bag of meat
    11 | D        | Killed a bag of meat
    11 | D        | Reached skill level 14 in Fighting
    11 | D        | Gained mutation: You are immune to rotting. [demonic
                  | ancestry]
    11 | D        | Reached XP level 2. HP: 38/43 MP: 2/2
    11 | D        | Reached XP level 3. HP: 44/49 MP: 3/3
    11 | D        | Reached XP level 4. HP: 50/56 MP: 4/4
    11 | D        | Reached XP level 5. HP: 56/62 MP: 5/5
    11 | D        | Reached XP level 6. HP: 62/69 MP: 6/6
    11 | D        | Gained mutation: You may emit foul miasma when damaged in
                  | melee. [demonic ancestry]
    11 | D        | Reached XP level 7. HP: 67/75 MP: 7/7
    11 | D        | Gained mutation: You have a somewhat thin skeletal
                  | structure. (Dex +2, Stealth) [demonic ancestry]
    11 | D        | Reached XP level 8. HP: 74/82 MP: 8/8
    11 | D        | Gained mutation: You are slightly more attuned to the
                  | shadows. [demonic ancestry]
    11 | D        | Reached XP level 9. HP: 79/88 MP: 9/9
    11 | D        | Gained mutation: You have large cloven feet. [demonic
                  | ancestry]
    11 | D        | Reached XP level 10. HP: 85/95 MP: 10/10
    11 | D        | Reached XP level 11. HP: 91/101 MP: 11/11
    11 | D        | Noticed a bag of meat
    13 | D        | Killed a bag of meat
    13 | D        | Reached * piety under Makhleb
    13 | D        | Reached skill level 16 in Fighting
    13 | D        | Reached skill level 15 in Axes
    13 | D        | Reached skill level 15 in Throwing
    13 | D        | Reached skill level 15 in Dodging
    13 | D        | Reached XP level 12. HP: 64/113 MP: 12/12
    13 | D        | Noticed a meat berserker
    14 | D        | Noticed a meat berserker
    14 | D        | Noticed a bag of meat
    15 | D        | Noticed a bag of meat
    15 | D        | Noticed a bag of meat
    15 | D        | Noticed a destroyer
    16 | D        | Killed a meat berserker
    16 | D        | Reached skill level 19 in Fighting
    16 | D        | Gained mutation: You have a moderately thin skeletal
                  | structure. (Dex +4, Stealth+) [demonic ancestry]
    16 | D        | Reached XP level 13. HP: 72/125 MP: 13/13
    16 | D        | Gained mutation: You frequently emit foul miasma when
                  | damaged in melee. [demonic ancestry]
    16 | D        | Reached XP level 14. HP: 77/133 MP: 14/14
    16 | D        | Noticed a meat berserker
    16 | D        | Noticed a destroyer
    17 | D        | Killed a meat berserker
    17 | D        | Reached skill level 21 in Fighting
    17 | D        | Reached XP level 15. HP: 16/144 MP: 15/15
    19 | D        | Killed a meat berserker
    19 | D        | Reached ** piety under Makhleb
    19 | D        | Reached skill level 22 in Fighting
    19 | D        | Reached skill level 23 in Fighting
    19 | D        | Reached XP level 16. HP: 45/157 MP: 16/16
    19 | D        | Reached skill level 24 in Fighting
    21 | D        | Annihilated by a destroyer

Skill      XL: |  1  2  3  4  5  6  7  8  9 10 11 12 13 14 15 16 |
---------------+-------------------------------------------------+-----
Fighting       | 14 16 19 21 23 24 | 24.2
Axes           | 13 15 18 19 22 | 22.7
Throwing       | 13 15 18 19 22 | 22.6
Dodging        | 13 15 18 19 22 | 22.7

Action                   |  1- 3 |  4- 6 |  7- 9 | 10-12 | 13-15 | 16-18 || total
-------------------------+-------+-------+-------+-------+-------+-------++-------
Melee: Executioner's axe |     1 |       |       |     2 |     2 |       ||     5
Armor: Leather armour    |       |       |       |       |       |     1 ||     1
